[Event "Team 45 45 League T83"]
[Site "Internet Chess Club"]
[Date "2020.02.02"]
[Round "5"]
[White "cayo89"]
[Black "walkover"]
[Result "1/2-1/2"]
[WhiteElo "1610"]
[BlackElo "1762"]
[Opening "Nimzovich-Larsen attack: modern variation"]
[ECO "A01"]
[Time "14:04:52"]
[TimeControl "2700+45"]

1. b3 e5 2. Bb2 Nc6 3. e3 d6 4. c4 Nf6 5. g3 Bf5 6. Bg2 Nb4 7. e4 Nd3+ 8. Kf1
Nxb2 9. Qc2 Bg6 10. Qxb2 Bxe4 11. Bxe4 Nxe4 12. d3 Nc5 13. d4 exd4 14. Qxd4 Be7
15. Nc3 O-O 16. Nd5 Re8 17. Nxe7+ Qxe7 18. Nf3 Qd7 19. Kg2 Re4 20. Qd2 Rae8 21.
Rae1 a5 22. Ng5 Rxe1 23. Rxe1 Qc6+ 24. f3 Rxe1 25. Qxe1 h6 26. Nh3 b6 27. Nf4
Qd7 28. Nd5 Kf8 29. Qe3 Qe6 30. Qxe6 Nxe6 31. f4 f5 32. Kf2 Ke8 33. Ke3 Kd7
{Game drawn by mutual agreement} 1/2-1/2

[Event "Team 45 45 League T83"]
[Site "Internet Chess Club"]
[Date "2020.02.03"]
[Round "5"]
[White "ivanson"]
[Black "elmaestro"]
[Result "1/2-1/2"]
[WhiteElo "1720"]
[BlackElo "1696"]
[Opening "Ruy Lopez: closed, anti-Marshall 8.a4"]
[ECO "C88"]
[Time "18:11:00"]
[TimeControl "2700+45"]

1. e4 e5 2. Nf3 Nc6 3. Bb5 a6 4. Ba4 Nf6 5. O-O Be7 6. Re1 b5 7. Bb3 O-O 8. a4
b4 9. d3 d6 10. a5 Be6 11. Nbd2 Bxb3 12. Nxb3 Qd7 13. Bg5 Ng4 14. Bxe7 Qxe7 15.
h3 Nh6 16. d4 exd4 17. Nbxd4 Ne5 18. Nxe5 Qxe5 19. b3 c5 20. Nf3 Qe7 21. Qd5 Kh8
22. Nd2 f6 23. Nc4 Nf7 24. Rad1 Rfd8 25. Rd2 Ra7 26. Red1 Rad7 27. Nb6 Ra7 28.
Qc4 h6 29. f4 Kh7 30. Qd3 Kh8 31. Qe2 Re8 32. Re1 Qe6 33. Nd5 Kg8 34. Qd1 Kh8
35. Kf1 {Game drawn by mutual agreement} 1/2-1/2

[Event "Team 45 45 League T83"]
[Site "Internet Chess Club"]
[Date "2020.01.30"]
[Round "5"]
[White "tightfist"]
[Black "Easy-Win"]
[Result "0-1"]
[WhiteElo "1484"]
[BlackElo "1703"]
[Opening "QGD semi-Slav: 5...Nd7"]
[ECO "D45"]
[Time "21:31:21"]
[TimeControl "2700+45"]

1. Nf3 Nf6 2. d4 d5 3. e3 e6 4. c4 c6 5. Nc3 Nbd7 6. Qb3 dxc4 7. Bxc4 b5 8. Bxe6
Ne5 9. Nxe5 Bxe6 10. Qc2 Rc8 11. O-O Bd6 12. Nf3 O-O 13. a3 a6 14. Re1 c5 15.
dxc5 Bxc5 16. Qd1 Qb6 17. h3 Rfd8 18. Bd2 h6 19. Qb1 Bb3 20. Ne4 Nxe4 21. Qxe4
Bd5 22. Qg4 Bxf3 23. gxf3 Rc6 24. Qh4 Rxd2 25. b4 Rg6+ 26. Kf1 Qd6 27. Qe4 Rxf2+
28. Kxf2 Qh2+ 29. Kf1 Qg2# {White checkmated} 0-1

[Event "Team 45 45 League T83"]
[Site "Internet Chess Club"]
[Date "2020.02.02"]
[Round "5"]
[White "Ajolote"]
[Black "fledermaus"]
[Result "1-0"]
[WhiteElo "1981"]
[BlackElo "1777"]
[Opening "Sicilian: closed"]
[ECO "B24"]
[Time "18:02:59"]
[TimeControl "2700+45"]

1. e4 c5 2. Nc3 Nc6 3. g3 g6 4. Bg2 Bg7 5. d3 e6 6. Be3 d6 7. Qd2 Qa5 8. Nge2
Nd4 9. O-O Nxe2+ 10. Qxe2 b5 11. e5 d5 12. d4 Ba6 13. Nxd5 exd5 14. Bxd5 Rc8 15.
Qf3 Qc7 16. Bf4 Qe7 17. e6 f5 18. Bc6+ Kf8 19. dxc5 Qxc5 20. Bd7 Nf6 21. Rad1
Ne4 22. Rfe1 Ke7 23. Rxe4 fxe4 24. Bg5+ Qxg5 25. Qf7+ Kd8 26. Bc6+ {Black
resigns} 1-0

[Event "Team 45 45 League T83"]
[Site "Internet Chess Club"]
[Date "2020.02.02"]
[Round "5"]
[White "justice02"]
[Black "hipopotamos"]
[Result "0-1"]
[WhiteElo "1586"]
[BlackElo "1655"]
[Opening "Ruy Lopez: Möller defense"]
[ECO "C78"]
[Time "20:00:31"]
[TimeControl "2700+45"]

1. e4 e5 2. Nf3 Nc6 3. Bb5 Nf6 4. O-O a6 5. Ba4 Bc5 6. Nxe5 Nxe5 7. d4 b5 8.
dxe5 Nxe4 9. Bxb5 Nxf2 10. Rxf2 Bxf2+ 11. Kxf2 axb5 12. Qf3 Qh4+ 13. g3 Qxh2+
{White resigns} 0-1

[Event "Team 45 45 League T83"]
[Site "Internet Chess Club"]
[Date "2020.01.31"]
[Round "5"]
[White "JPSVI"]
[Black "Grenadier"]
[Result "1-0"]
[WhiteElo "1713"]
[BlackElo "1598"]
[Opening "Bird's opening: Lasker variation"]
[ECO "A03"]
[Time "20:00:34"]
[TimeControl "2700+45"]

1. f4 d5 2. Nf3 Nf6 3. e3 c5 4. g3 Nc6 5. Bg2 Bf5 6. d3 e6 7. O-O Be7 8. Qe2 O-O
9. Nc3 Bg4 10. h3 Bxf3 11. Qxf3 d4 12. Nd1 dxe3 13. Nxe3 Rb8 14. Bd2 Qc7 15.
Rae1 Nd4 16. Qd1 b5 17. g4 Nd7 18. c3 Nc6 19. Bxc6 Qxc6 20. Qf3 Rfc8 21. Qxc6
Rxc6 22. f5 Bg5 23. fxe6 Rxe6 24. Rf5 f6 25. Nd5 Rxe1+ 26. Bxe1 Re8 27. Kf1 Ne5
28. Nc7 Re7 29. Nd5 Rd7 30. d4 cxd4 31. cxd4 Nd3 32. Bc3 Kf7 33. Ke2 Nc1+ 34.
Kd1 Nxa2 35. Nf4 Nxc3+ 36. bxc3 g6 37. Rd5 Rc7 38. Ne2 Rb7 39. Rc5 a5 40. d5 Ke7
41. Rc6 Kd7 42. Kc2 a4 43. Ra6 h6 44. Nd4 h5 45. gxh5 gxh5 46. Kd3 b4 47. Ne6 b3
48. Nc5+ Kc7 49. Nxb7 Kxb7 50. Rxa4 b2 51. Rb4+ Kc7 52. Rxb2 Kd6 53. c4 f5 54.
Rb6+ Kc7 55. c5 Bh4 56. Rh6 Bf2 {Black resigns} 1-0

[Event "Team 45 45 League T83"]
[Site "Internet Chess Club"]
[Date "2020.01.29"]
[Round "5"]
[White "GoIrish"]
[Black "vollmerj"]
[Result "0-1"]
[WhiteElo "1508"]
[BlackElo "1676"]
[Opening "Réti opening"]
[ECO "A04"]
[Time "20:35:09"]
[TimeControl "2700+45"]

1. Nf3 c5 2. g3 Nc6 3. Bg2 d5 4. O-O Bf5 5. d3 Nf6 6. Nbd2 e6 7. Re1 Bd6 8. e4
dxe4 9. dxe4 Bg4 10. h3 Bxf3 11. Nxf3 Ne5 12. Bf4 Qc7 13. Qe2 O-O 14. Rad1 Nxf3+
15. Qxf3 Bxf4 16. Qxf4 Qxf4 17. gxf4 Rfd8 18. Bf3 Kf8 19. e5 Nd5 20. Bxd5 exd5
21. f5 d4 22. e6 fxe6 23. fxe6 Ke7 24. Re5 b6 25. Rde1 Rd6 26. f4 Rf8 27. f5 Rf6
28. R5e4 g6 29. Rh4 h5 30. fxg6 Rxg6+ 31. Kh2 Rg5 32. Rhe4 d3 33. cxd3 Rxd3 34.
Rf4 Rd2+ 35. Kh1 Rg7 36. Rf5 Rxb2 37. Rxh5 Rxa2 38. Rh6 Rd2 39. Ra1 a5 40. Rb1
Rd6 41. h4 c4 42. Rc1 Rc6 43. Rh5 Kxe6 44. Rh6+ Kd7 45. Rxc6 Kxc6 46. Rxc4+ Kb5
47. Re4 Rh7 48. Re5+ Kb4 49. Re4+ Kc3 50. Kh2 b5 51. Kh3 b4 52. Re3+ Kb2 53.
Re2+ Ka3 54. Re3+ b3 55. Kg4 a4 56. Kg5 Ka2 57. Kg6 Rh8 58. h5 b2 59. Re2 a3 60.
h6 Ka1 61. Kg7 Rxh6 62. Kxh6 b1=Q {White resigns} 0-1

[Event "Team 45 45 League T83"]
[Site "Internet Chess Club"]
[Date "2020.02.01"]
[Round "5"]
[White "primerpaso"]
[Black "CPTsopiens"]
[Result "1-0"]
[WhiteElo "1844"]
[BlackElo "1758"]
[Opening "English: Bremen, reverse dragon"]
[ECO "A22"]
[Time "15:04:29"]
[TimeControl "2700+45"]

1. c4 Nf6 2. Nc3 e5 3. g3 d5 4. cxd5 Nxd5 5. Bg2 Nb6 6. Nf3 Nc6 7. O-O Be7 8. d3
O-O 9. Be3 Be6 10. Na4 Nd5 11. Bc5 f6 12. Rc1 b6 13. e4 Ndb4 14. Bxe7 Nxe7 15.
a3 Nbc6 16. b4 Rc8 17. Rc3 Nd4 18. Nxd4 Qxd4 19. Qc2 c6 20. h4 f5 21. Kh2 Kh8
22. Bh3 Qd7 23. f3 fxe4 24. Bxe6 Qxe6 25. dxe4 Rfd8 26. Rd1 Qh6 27. Rcd3 Rxd3
28. Qxd3 Qe6 29. Qd7 Qxd7 30. Rxd7 Ng8 31. Rxa7 c5 32. Nxb6 Rc6 33. Nc4 Rc8 34.
b5 Nf6 35. b6 Kg8 36. b7 Rd8 37. Ra8 {Black resigns} 1-0

[Event "Team 45 45 League T83"]
[Site "Internet Chess Club"]
[Date "2020.02.03"]
[Round "5"]
[White "BrianWood"]
[Black "julesraider"]
[Result "1/2-1/2"]
[WhiteElo "1620"]
[BlackElo "1656"]
[Opening "King's Indian: Averbakh, 6...c5"]
[ECO "E74"]
[Time "20:00:23"]
[TimeControl "2700+45"]

1. d4 Nf6 2. c4 g6 3. Nc3 Bg7 4. Bg5 O-O 5. e4 d6 6. Be2 c5 7. d5 h6 8. Be3 e6
9. Nf3 exd5 10. cxd5 Re8 11. Qc2 Qe7 12. Nd2 a6 13. a4 Nbd7 14. O-O Ne5 15. h3
g5 16. f4 gxf4 17. Bxf4 Ng6 18. Bg3 b6 19. Nc4 Nxe4 20. Nxe4 Qxe4 21. Qxe4 Rxe4
22. Bd3 Bd4+ 23. Kh2 {Game drawn by mutual agreement} 1/2-1/2

[Event "Team 45 45 League T83"]
[Site "Internet Chess Club"]
[Date "2020.02.01"]
[Round "5"]
[White "andrew37"]
[Black "Beetlejuice"]
[Result "1/2-1/2"]
[WhiteElo "1606"]
[BlackElo "1703"]
[Opening "Sicilian: Alapin's variation (2.c3)"]
[ECO "B22"]
[Time "16:00:41"]
[TimeControl "2700+45"]

1. e4 c5 2. c3 Nf6 3. e5 Nd5 4. d4 cxd4 5. Nf3 Nc6 6. cxd4 d6 7. Bc4 Nb6 8. Bb5
dxe5 9. Nxe5 Bd7 10. Nxd7 Qxd7 11. Nc3 a6 12. Bxc6 Qxc6 13. O-O e6 14. Qg4 g6
15. Be3 Bg7 16. Rac1 O-O 17. Ne4 Qd7 18. Rfd1 f5 19. Nc5 fxg4 20. Nxd7 Nxd7 21.
Rc7 Nf6 22. Rxb7 Rfb8 23. Rxb8+ Rxb8 24. b3 Rc8 25. Kf1 Rc2 26. Rd2 Rxd2 27.
Bxd2 Nd5 28. Be3 Nxe3+ 29. fxe3 Kf7 30. Ke2 Ke7 31. Kd3 Kd6 32. b4 Bf6 33. e4
Bg5 34. a4 Bc1 35. b5 axb5 36. axb5 Bg5 37. Kc4 h5 38. e5+ Kc7 39. Kc5 Be7+ 40.
Kc4 Kb6 41. g3 g5 42. d5 exd5+ 43. Kxd5 Kxb5 44. Ke6 Bb4 45. Kf5 Kc6 46. Kxg5
Kd7 47. Kxh5 Ke6 48. Kxg4 Kxe5 49. h4 Kf6 50. Kf3 Be1 51. Kg4 Bxg3 52. Kxg3 Kg6
53. Kg4 Kh6 54. h5 Kh7 55. Kg5 Kg7 56. Kf5 Kh6 57. Kg4 Kg7 58. Kg5 Kh7 59. Kh4
Kh6 60. Kg4 Kg7 61. Kg5 Kh7 62. h6 Kg8 63. Kf6 Kh7 64. Kg5 Kg8 65. Kh5 Kh7 66.
Kg5 Kg8 67. Kg4 Kh7 68. Kh5 Kg8 69. Kg6 Kh8 70. h7 {Black stalemated} 1/2-1/2

[Event "Team 45 45 League T83"]
[Site "Internet Chess Club"]
[Date "2020.02.02"]
[Round "5"]
[White "Demachaeron"]
[Black "Portola"]
[Result "1-0"]
[WhiteElo "1802"]
[BlackElo "1733"]
[Opening "French defense"]
[ECO "C00"]
[Time "13:01:22"]
[TimeControl "2700+45"]

1. e4 e6 2. Nf3 d5 3. exd5 exd5 4. d4 Nf6 5. Bg5 Be7 6. Bd3 c6 7. c3 Bg4 8. Nbd2
Nbd7 9. O-O O-O 10. Qc2 Re8 11. Rfe1 h6 12. Bh4 Bxf3 13. Nxf3 Qc7 14. Re2 Bd6
15. Rae1 Rxe2 16. Rxe2 Rf8 17. Bg3 Bxg3 18. hxg3 Nb6 19. Qc1 Re8 20. Rxe8+ Nxe8
21. Ne5 Nf6 22. Qe3 Nc8 23. Ng4 Nh7 24. Ne5 Nf6 25. g4 Nd6 26. g5 hxg5 27. Qxg5
Nde4 28. Qe3 a6 29. Qc1 c5 30. Qe3 c4 31. Bc2 b5 32. a3 a5 33. f3 Nd6 34. g4 Qe7
35. Kf2 Nh7 36. Nc6 Qh4+ 37. Ke2 Qh2+ 38. Qf2 Qf4 39. Ne7+ Kh8 40. Nxd5 Qc1 41.
Bxh7 Qxb2+ 42. Kf1 Qxf2+ 43. Kxf2 Kxh7 44. Ke3 f6 45. Ne7 g6 46. d5 Kg7 47. Kd4
Nb7 48. Nc6 Kf7 49. Na7 Nd6 50. Kc5 Ke7 51. Nxb5 Nf7 52. Nd4 Nd6 53. Kb6 a4 54.
Ka5 Nb7+ 55. Kb4 Kd6 56. Kxc4 Na5+ 57. Kb4 Nb7 58. c4 Ke5 59. Ne2 Kd6 60. Kxa4
Kc5 61. Nf4 g5 62. Nh5 Kxc4 63. Nxf6 Nd6 64. Ne4 Nf7 65. d6 Kd5 66. d7 Kc6 67.
Nxg5 Nd8 68. Ne4 Kxd7 69. Kb5 Kc7 70. a4 Ne6 71. Kc4 Kb6 72. g5 Nf4 73. Kd4 Ka5
74. Ke5 Ng6+ 75. Kf6 Nf4 76. g6 Nh5+ 77. Kf7 Kxa4 78. g7 Nxg7 79. Kxg7 Kb5 80.
f4 Kc6 81. f5 {Black resigns} 1-0

[Event "Team 45 45 League T83"]
[Site "Internet Chess Club"]
[Date "2020.02.01"]
[Round "5"]
[White "iSeba"]
[Black "Monterrey"]
[Result "1-0"]
[WhiteElo "1943"]
[BlackElo "1903"]
[Opening "French: Winawer, advance, poisoned pawn, Konstantinopolsky variation"]
[ECO "C18"]
[Time "18:03:45"]
[TimeControl "2700+45"]

1. e4 e6 2. Nc3 d5 3. d4 Bb4 4. e5 c5 5. a3 Bxc3+ 6. bxc3 Ne7 7. Qg4 Qc7 8. Qxg7
Rg8 9. Qxh7 cxd4 10. Ne2 dxc3 11. Qd3 Qxe5 12. Bf4 Qf5 13. Qxf5 Nxf5 14. Nxc3
Nc6 15. h3 e5 16. Bh2 Be6 17. g4 Nfd4 18. O-O-O O-O-O 19. Bxe5 Nxc2 20. Bf6 Nxa3
21. Kb2 Nc4+ 22. Bxc4 dxc4 23. Bxd8 Nxd8 24. f4 Rh8 25. Ne4 Kc7 26. f5 Bd7 27.
Rd4 Bc6 {Black resigns} 1-0

[Event "Team 45 45 League T83"]
[Site "Internet Chess Club"]
[Date "2020.02.02"]
[Round "5"]
[White "laurenpar"]
[Black "janh"]
[Result "1-0"]
[WhiteElo "1813"]
[BlackElo "1846"]
[Opening "Queen's pawn game"]
[ECO "D02"]
[Time "21:34:57"]
[TimeControl "2700+45"]

1. Nf3 d5 2. d4 e6 3. e3 f5 4. c4 c6 5. Be2 Nf6 6. O-O Bd6 7. b3 O-O 8. Ba3 Ne4
9. Bxd6 Qxd6 10. Ne5 Nd7 11. f4 Ndf6 12. Qc2 Bd7 13. Nc3 Be8 14. Bd3 Bh5 15.
Bxe4 dxe4 16. c5 Qe7 17. b4 Nd5 18. Nxd5 exd5 19. a4 Rf6 20. b5 Kh8 21. bxc6
bxc6 22. Rab1 Rg8 23. a5 g5 24. a6 gxf4 25. exf4 Qc7 26. Qa4 Be2 27. Rb7 Qc8 28.
Rf2 Bb5 29. Qa3 e3 30. Qxe3 Bxa6 31. Nf7+ Kg7 32. Nd6+ Bxb7 33. Qe7+ Kg6 34.
Nxc8 Bxc8 35. Rf3 {Black resigns} 1-0

[Event "Team 45 45 League T83"]
[Site "Internet Chess Club"]
[Date "2020.02.02"]
[Round "5"]
[White "primerpaso"]
[Black "bobhill"]
[Result "0-1"]
[WhiteElo "1827"]
[BlackElo "1840"]
[Opening "English: symmetrical variation"]
[ECO "A38"]
[Time "15:05:49"]
[TimeControl "2700+45"]

1. c4 c5 2. Nc3 Nc6 3. g3 g6 4. Bg2 Bg7 5. Nf3 Nf6 6. d4 cxd4 7. Nxd4 O-O 8. O-O
Nxd4 9. Qxd4 d6 10. Qh4 Be6 11. Bg5 Qc8 12. Rac1 Re8 13. Nb5 Bd7 14. Nxd6 exd6
15. Bxf6 Bxf6 16. Qxf6 Rxe2 17. Rfd1 Be6 18. Rxd6 Qc5 19. Rd4 Re8 20. Bxb7 Bh3
21. Rd8 Rxd8 22. Qxd8+ Kg7 23. Rf1 Bxf1 24. Kxf1 Qxf2# {White checkmated} 0-1

[Event "Team 45 45 League T83"]
[Site "Internet Chess Club"]
[Date "2020.02.01"]
[Round "5"]
[White "ErnestoRondon"]
[Black "room-matt"]
[Result "1-0"]
[WhiteElo "1857"]
[BlackElo "1795"]
[Opening "Scotch: Göring gambit"]
[ECO "C44"]
[Time "12:35:56"]
[TimeControl "2700+45"]

1. e4 e5 2. Nf3 Nc6 3. d4 exd4 4. c3 dxc3 5. Bc4 cxb2 6. Bxb2 d5 7. Bxd5 Bb4+ 8.
Nbd2 Nge7 9. O-O Nxd5 10. exd5 Qxd5 11. Re1+ Be6 12. Qc2 O-O 13. Rad1 Qxa2 14.
Ng5 g6 15. Nde4 Bxe1 16. Nf6+ Kg7 17. Rxe1 Bb3 18. Qc3 h5 19. Ne8+ Kh6 20. Qg7+
Kxg5 21. Bc1+ {Black resigns} 1-0

[Event "Team 45 45 League T83"]
[Site "Internet Chess Club"]
[Date "2020.02.02"]
[Round "5"]
[White "cadmiumorange"]
[Black "ANGELLR"]
[Result "0-1"]
[WhiteElo "1777"]
[BlackElo "1787"]
[Opening "French: King's Indian attack"]
[ECO "C00"]
[Time "14:17:57"]
[TimeControl "2700+45"]

1. e4 e6 2. d3 d5 3. Nd2 Nf6 4. Ngf3 dxe4 5. dxe4 c5 6. Bd3 Nc6 7. b3 Be7 8. Bb2
O-O 9. a3 Qc7 10. O-O b6 11. Qe2 Rd8 12. Rad1 Bb7 13. e5 Nd5 14. Qe4 g6 15. Qg4
Na5 16. h4 h5 17. Qg3 Bf8 18. Bxg6 fxg6 19. Qxg6+ Qg7 20. Qxe6+ Qf7 21. Qh3 Qg6
22. Qg3 Qxg3 {White resigns} 0-1

[Event "Team 45 45 League T83"]
[Site "Internet Chess Club"]
[Date "2020.01.31"]
[Round "5"]
[White "Portola"]
[Black "Yedixon"]
[Result "1-0"]
[WhiteElo "1730"]
[BlackElo "1611"]
[Opening "Old Indian: Tartakower (Wade) variation"]
[ECO "A41"]
[Time "15:15:35"]
[TimeControl "2700+45"]

1. d4 d6 2. Nf3 Bg4 3. Bg5 c6 4. c3 Nf6 5. Nbd2 e6 6. Qb3 Qc7 7. e3 Be7 8. Be2
h6 9. Bh4 O-O 10. O-O d5 11. Rfe1 b5 12. a4 b4 13. cxb4 Qd6 14. b5 cxb5 15. axb5
Qb6 16. Bd3 Nbd7 17. Bg3 Nh5 18. Ra6 {Black forfeits on time} 1-0

[Event "Team 45 45 League T83"]
[Site "Internet Chess Club"]
[Date "2020.02.01"]
[Round "5"]
[White "Insan996"]
[Black "justice02"]
[Result "1-0"]
[WhiteElo "1640"]
[BlackElo "1600"]
[Opening "QGD Slav defense: exchange variation"]
[ECO "D10"]
[Time "21:10:16"]
[TimeControl "2700+45"]

1. d4 d5 2. c4 c6 3. cxd5 cxd5 4. Nc3 a6 5. Nf3 Nf6 6. Bf4 Nc6 7. Ne5 Qa5 8. e3
Ne4 9. Qb3 e6 10. Bd3 Nxc3 11. bxc3 Be7 12. O-O Nxe5 13. Bxe5 O-O 14. Rfc1 b5
15. a4 bxa4 16. Rxa4 Qd8 17. Rca1 a5 18. Qa2 Bb7 19. Rxa5 Rxa5 20. Qxa5 Qxa5 21.
Rxa5 Ra8 22. Rxa8+ Bxa8 23. c4 dxc4 24. Bxc4 Kf8 25. f3 f6 26. Bc7 Kf7 27. Kf2
Bb4 28. e4 Ke7 29. Ke3 h5 30. g3 g5 31. Bb6 Bb7 32. Bc5+ Bxc5 33. dxc5 f5 34.
exf5 exf5 35. f4 Kf6 36. Kd4 h4 37. Bd5 Bc8 38. c6 hxg3 39. hxg3 gxf4 40. gxf4
Ke7 41. Ke5 Ba6 42. Be6 Bb5 43. c7 Bd7 44. c8=Q Bxc8 45. Bxc8 Kf7 46. Be6+ Ke7
47. Bxf5 Kf7 48. Bd3 Ke7 49. f5 Kf7 50. Bc4+ Ke7 51. f6+ Kf8 52. Kf5 Ke8 53. Kg6
Kf8 54. Kh7 {Black resigns} 1-0

[Event "Team 45 45 League T83"]
[Site "Internet Chess Club"]
[Date "2020.01.29"]
[Round "5"]
[White "RD1974"]
[Black "fireball"]
[Result "1-0"]
[WhiteElo "1580"]
[BlackElo "1479"]
[Opening "French defense, Steiner variation"]
[ECO "C00"]
[Time "21:48:25"]
[TimeControl "2700+45"]

1. e4 e6 2. c4 Nc6 3. Nf3 g6 4. d4 Bg7 5. Be3 f5 6. Bd3 f4 7. Bxf4 Nxd4 8. e5
Nxf3+ 9. Qxf3 Ne7 10. O-O O-O 11. Qg4 b6 12. Be4 Rb8 13. Bg3 Nf5 14. Nc3 c6 15.
Rad1 Qc7 16. Bxf5 Rxf5 17. f4 Bb7 18. Ne4 Rh5 19. Rd6 c5 20. Nc3 Ba8 21. Rfd1
Bc6 22. b3 a6 23. a4 Qb7 24. Nd5 Kf8 25. Ne3 b5 26. axb5 axb5 27. Qe2 bxc4 28.
bxc4 Qb2 29. Qe1 g5 30. R6d2 Qc3 31. Rc1 Qb3 32. f5 exf5 33. Nxf5 Re8 34. Nxg7
Kxg7 35. Qe2 Rh6 36. Bf2 Rhe6 37. Bxc5 Qb7 38. Rf1 Be4 39. Qh5 Rg6 40. Rdf2 Kg8
41. Rf7 h6 42. Qg4 Bc6 43. Qf5 Be4 44. Rf8+ Rxf8 45. Qxf8+ Kh7 46. Rf7+ {Black
resigns} 1-0

[Event "Team 45 45 League T83"]
[Site "Internet Chess Club"]
[Date "2020.02.01"]
[Round "5"]
[White "Kingfisher75"]
[Black "dabodhi"]
[Result "1-0"]
[WhiteElo "1499"]
[BlackElo "1328"]
[Opening "QGD: Lasker defense, Teichmann variation"]
[ECO "D56"]
[Time "16:00:24"]
[TimeControl "2700+45"]

1. d4 d5 2. Nf3 Nf6 3. c4 e6 4. Bg5 Be7 5. Nc3 h6 6. Bh4 O-O 7. e3 Ne4 8. Bxe7
Qxe7 9. Qc2 c6 10. Nxe4 dxe4 11. Nd2 f5 12. Be2 Nd7 13. O-O b6 14. a3 Bb7 15. b4
c5 16. bxc5 bxc5 17. Rfb1 Rab8 18. Qa4 a6 19. Rb2 Qd6 20. Rab1 Ba8 21. Rxb8 Rxb8
22. Rxb8+ Nxb8 23. Qe8+ Qf8 24. Qxe6+ Qf7 25. Qc8+ Qf8 26. Qxc5 Nd7 27. Qxf8+
Kxf8 28. c5 a5 29. Bb5 Ke7 30. Nc4 Nb8 31. Nxa5 Kd8 32. c6 Kc7 33. d5 Nxc6 34.
Bxc6 Bxc6 35. Nxc6 Kd6 36. Nb4 h5 37. h4 g6 38. Kh2 Kc5 39. Kg3 Kd6 40. Kf4
{Black resigns} 1-0

[Event "Team 45 45 League T83"]
[Site "Internet Chess Club"]
[Date "2020.02.01"]
[Round "5"]
[White "Egmont"]
[Black "Demachaeron"]
[Result "1/2-1/2"]
[WhiteElo "1706"]
[BlackElo "1788"]
[Opening "QGD Slav: 4.e3"]
[ECO "D11"]
[Time "12:00:45"]
[TimeControl "2700+45"]

1. d4 d5 2. c4 c6 3. Nf3 Nf6 4. e3 Bg4 5. Nbd2 Nbd7 6. Qb3 Qb6 7. c5 Qxb3 8.
axb3 g6 9. Bd3 Bg7 10. O-O O-O 11. b4 Ne8 12. b5 Nc7 13. bxc6 bxc6 14. Ra4 Bxf3
15. gxf3 Rfb8 16. b3 e5 17. Bb2 f5 18. Rfa1 e4 19. fxe4 fxe4 20. Be2 Nxc5 21.
Rxa7 Rxa7 22. Rxa7 Nxb3 23. Nxe4 dxe4 24. Rxc7 Nd2 25. Bc3 Nf3+ 26. Kg2 Nh4+ 27.
Kh3 Nf5 28. Rxc6 h5 29. Rxg6 Kh7 30. Re6 Rb3 31. Ba5 Nxd4 32. Bc4 Nxe6 33. Bxb3
Ng5+ 34. Kg2 Bf6 35. Bc2 Kg7 36. Bc7 h4 37. Bf4 Ne6 38. Bd6 Ng5 39. h3 Kg6 40.
Bf4 Kf5 41. Bb8 Be5 42. Bxe5 Kxe5 43. Bd1 Kd5 44. f4 exf3+ 45. Bxf3+ Ke5 46. Bb7
Kf5 47. Kf1 Nxh3 48. Bc8+ Ke4 49. Bxh3 Kxe3 {Game drawn by mutual agreement}
1/2-1/2

[Event "Team 45 45 League T83"]
[Site "Internet Chess Club"]
[Date "2020.02.03"]
[Round "5"]
[White "WillC"]
[Black "Constrictor"]
[Result "1/2-1/2"]
[WhiteElo "1572"]
[BlackElo "1543"]
[Opening "Queen's pawn"]
[ECO "A40"]
[Time "18:33:04"]
[TimeControl "2700+45"]

1. d4 c6 2. Nf3 d5 3. b3 Bf5 4. Bb2 e6 5. g3 Nf6 6. Bg2 Na6 7. a3 Be7 8. O-O O-O
9. Nh4 Be4 10. f3 Bg6 11. Nxg6 hxg6 12. Nd2 c5 13. e3 cxd4 14. exd4 Rc8 15. c4
b6 16. Qe2 Nb8 17. f4 Rc7 18. Nf3 Nbd7 19. Ne5 Nxe5 20. dxe5 dxc4 21. exf6 Bxf6
22. Rad1 Qc8 23. Bxf6 gxf6 24. bxc4 Rxc4 25. Rd3 Rc2 26. Qe3 Qc4 27. h4 Rc8 28.
Rfd1 Qa2 29. R1d2 Rc1+ 30. Kh2 R8c2 31. Rxc2 Rxc2 32. Qf3 f5 33. Rd8+ Kg7 34.
Rd7 e5 35. fxe5 Rf2 36. Qd5 Qxd5 37. Rxd5 Ra2 38. Rd3 b5 39. Kh3 a5 40. Bc6 b4
41. axb4 axb4 42. Rb3 Re2 43. Rxb4 Rxe5 44. Kg2 Kf6 45. Kf3 Re6 46. Ba4 Re7 47.
Rb6+ Re6 48. Rb7 Re7 49. Rb2 Re4 50. Bd1 Re7 51. Rh2 Rd7 52. Be2 Rb7 53. Bd3 Rd7
54. Ke3 Re7+ 55. Kf4 Rd7 56. Be2 Rd4+ 57. Ke3 Re4+ 58. Kf2 Re8 59. h5 Rh8 60.
Kg2 gxh5 61. Rxh5 Rxh5 62. Bxh5 Kg5 63. Be2 f4 64. g4 f5 65. gxf5 Kxf5 66. Kf3
Ke5 {Game drawn by mutual agreement} 1/2-1/2

[Event "Team 45 45 League T83"]
[Site "Internet Chess Club"]
[Date "2020.01.31"]
[Round "5"]
[White "Gilguli"]
[Black "Kingofknights"]
[Result "1/2-1/2"]
[WhiteElo "1325"]
[BlackElo "1611"]
[Opening "Caro-Kann: Rasa-Studier gambit"]
[ECO "B15"]
[Time "11:18:01"]
[TimeControl "2700+45"]

1. e4 c6 2. d4 d5 3. Nc3 dxe4 4. f3 e3 5. Bxe3 Bf5 6. Bd3 Bxd3 7. Qxd3 Nf6 8.
O-O-O e6 9. Bg5 h6 10. Bh4 Na6 11. Ne4 Be7 12. Qb3 Nxe4 13. Bxe7 Qxe7 14. fxe4
O-O 15. Nf3 Rfd8 16. Ne5 Qg5+ 17. Rd2 Rxd4 18. Nf3 Nc5 19. Qa3 Ra4 20. Qxa4
Qxd2+ 21. Kxd2 Nxa4 22. b3 Rd8+ 23. Ke3 Nb6 24. Ne5 f6 25. Ng6 Kf7 26. Nf4 e5
27. Nd3 Nc8 28. Rf1 Ke7 29. Rf3 Nd6 30. Rg3 Kf7 31. Rf3 Ke7 32. Rg3 g5 33. h4
Rg8 34. hxg5 Rxg5 35. Rxg5 hxg5 36. Kf3 b6 37. Nb4 {Game drawn by mutual
agreement} 1/2-1/2

[Event "Team 45 45 League T83"]
[Site "Internet Chess Club"]
[Date "2020.01.29"]
[Round "5"]
[White "tightfist"]
[Black "CMAlge"]
[Result "1-0"]
[WhiteElo "1492"]
[BlackElo "1281"]
[Opening "Queen's pawn game"]
[ECO "D04"]
[Time "20:01:14"]
[TimeControl "2700+45"]

1. Nf3 d5 2. d4 Nf6 3. e3 Bf5 4. c4 e6 5. Nc3 Be7 6. Qb3 b6 7. Ne5 O-O 8. Be2 c6
9. O-O Qc7 10. Bd2 Nbd7 11. Nxd7 Qxd7 12. Rfd1 Qc7 13. Rac1 Bd6 14. f4 Qe7 15.
Bf3 h5 16. cxd5 exd5 17. Re1 Ne4 18. Nxe4 Bxe4 19. Bxe4 Qxe4 20. Rxc6 Be7 21.
Rec1 Rfe8 22. Qc2 Rad8 23. Qxe4 dxe4 24. Rc7 Bd6 25. Rxa7 Bxf4 26. exf4 e3 27.
Bc3 Re4 28. g3 Rc8 29. Re1 Rc6 30. Kg2 e2 31. Kf3 Rce6 32. Rb7 Re3+ 33. Kf2 Kh7
34. Rxb6 Re8 35. a4 f6 36. a5 Kg6 37. a6 Kf5 38. a7 Kg4 39. Rb8 Rf3+ 40. Kg2
Ree3 41. a8=Q h4 42. Qxf3+ Rxf3 43. h3+ {Black resigns} 1-0

[Event "Team 45 45 League T83"]
[Site "Internet Chess Club"]
[Date "2020.02.02"]
[Round "5"]
[White "Bumun"]
[Black "ghostfire"]
[Result "1/2-1/2"]
[WhiteElo "1710"]
[BlackElo "1652"]
[Opening "Sicilian: Smith-Morra gambit"]
[ECO "B21"]
[Time "14:00:46"]
[TimeControl "2700+45"]

1. e4 c5 2. d4 cxd4 3. c3 dxc3 4. Nxc3 a6 5. Nf3 e6 6. Bc4 Nc6 7. O-O b5 8. Bb3
Bc5 9. Qe2 Nge7 10. Rd1 O-O 11. Be3 Bxe3 12. Qxe3 Ng6 13. Rac1 Nce5 14. Nxe5
Nxe5 15. f4 Ng4 16. Qd4 Qh4 17. h3 Nf6 18. e5 Nh5 19. Ne2 f6 20. Rc7 fxe5 21.
Qxe5 Nxf4 22. Nxf4 Qxf4 23. Bxe6+ Kh8 24. Qxf4 Rxf4 25. Bxd7 Bxd7 26. Rdxd7 Rg8
27. Ra7 Rf6 {Game drawn by mutual agreement} 1/2-1/2

[Event "Team 45 45 League T83"]
[Site "Internet Chess Club"]
[Date "2020.01.29"]
[Round "5"]
[White "PJ"]
[Black "Yedixon"]
[Result "1-0"]
[WhiteElo "1586"]
[BlackElo "1607"]
[Opening "Pirc defense"]
[ECO "B07"]
[Time "14:07:16"]
[TimeControl "2700+45"]

1. e4 d6 2. d4 Nf6 3. Bd3 Nc6 4. c3 e5 5. Be3 g6 6. Ne2 Bg7 7. O-O O-O 8. h3 a6
9. Qd2 b5 10. Bh6 Bb7 11. Bxg7 Kxg7 12. f4 Re8 13. fxe5 dxe5 14. d5 Ne7 15. Qg5
Nh5 16. Ng3 Nxg3 17. Qxe5+ Kg8 18. Qxg3 c6 19. d6 Nc8 20. e5 Nb6 21. Nd2 Na4 22.
Qf4 Qd7 23. Ne4 Qe6 24. b3 Kg7 25. bxa4 {Black resigns} 1-0